Map: Pillars of Gold LE

Players

rldlimon

  • Race: Terran Terran
  • League: Silver
  • Spawn Location: 7:00

Throwfordays - Winner!

  • Race: Protoss Protoss
  • League: Silver
  • Spawn Location: 1:00

VOD

Have the link to the VOD?

Description

Time

  • Played on: July 17, 2020, 6:25 p.m.
  • Length: 8:51
Show
View Real Time Build Order
Export as new Build Order

rldlimon Terran 

Build Orders:  

Get SALT Encoding   

  12  0:01  SCV  
  13  0:17  Supply Depot  
  13  0:18  SCV  
  14  0:27  Refinery  
  14  0:43  Barracks  
  14  0:46  SCV  
  15  1:32  Reaper  
  16  1:41  Supply Depot  
  16  1:43  SCV  
  17  1:55  SCV  
  18  2:09  Factory  
  18  2:20  Marine  
  14  2:55  Factory Tech Lab  
  13  3:15  Siege Tank  
  16  3:39  Marine  
  10  4:19  SCV  
  11  4:31  SCV  
  11  4:32  Supply Depot  
  12  4:43  SCV  
  13  5:03  SCV, Barracks  
  14  5:08  Refinery  
  14  5:15  SCV  
  15  5:37  SCV  
  16  5:49  SCV  
  17  5:57  Factory  
  17  6:01  SCV  
  18  6:04  Marine  
  19  6:22  Marine  
  20  6:27  SCV  
  21  6:39  SCV  
  19  6:50  Barracks Tech Lab  
  19  6:51  Factory Tech Lab  
  18  6:56  Refinery, SCV  
  19  7:08  SCV  
  20  7:10  Stimpack  
  20  7:12  Marine  
  21  7:20  SCV  
  22  7:29  Marine  
  21  7:33  SCV  
  23  7:48  Supply Depot  
  23  7:53  Orbital Command  
  23  8:10  Siege Tank  
  26  8:13  Supply Depot  
  26  8:22  Marine  
  27  8:28  SCV  
Show
View Real Time Build Order
Export as new Build Order

Throwfordays Protoss - Winner!

Build Orders: Cannon Rush 

Get SALT Encoding   

  1  0:00  Probe  
  12  0:06  Probe  
  14  0:19  Pylon  
  14  0:25  Probe  
  15  0:37  Forge  
  15  0:40  Probe  
  16  0:53  Probe  
  17  0:58  Pylon  
  17  1:07  Pylon  
  17  1:14  Probe  
  18  1:24  Pylon  
  18  1:43  Photon Cannon  
  17  1:55  Photon Cannon  
  17  1:57  Photon Cannon  
  17  1:59  Photon Cannon  
  17  2:14  Photon Cannon  
  17  2:29  Pylon  
  17  2:50  Photon Cannon  
  17  2:53  Photon Cannon  
  17  2:57  Pylon  
  17  3:04  Pylon  
  17  3:15  Photon Cannon  
  17  3:17  Photon Cannon  
  17  3:18  Photon Cannon  
  17  3:26  Photon Cannon  
  17  3:42  Photon Cannon  
  16  3:59  Assimilator  
  16  4:10  Nexus, Probe  
  17  4:18  Probe  
  18  4:28  Gateway  
  18  4:34  Assimilator, Probe  
  19  4:42  Probe  
  19  4:51  Probe  
  21  5:00  Probe  
  22  5:08  Probe  
  23  5:15  Cybernetics Core  
  23  5:17  Zealot  
  23  5:18  Probe  
  26  5:21  Probe  
  26  5:22  Gateway  
  27  5:30  Probe  
  27  5:33  Probe  
  28  5:40  Probe  
  28  5:41  Probe  
  31  5:51  Warp Gate, Probe  
  31  5:52  Probe  
  33  5:57  Stargate  
  33  6:03  Probe  
  35  6:04  Probe  
  35  6:15  Probe  
  35  6:16  Probe  
  37  6:18  Assimilator  
  37  6:20  Zealot  
  39  6:28  Probe  
  40  6:46  Probe  
  41  6:55  Assimilator, Probe  
  41  6:56  Void Ray  
  41  6:59  Zealot  
  48  7:04  Twilight Council  
  48  7:06  Gateway  
  48  7:07  Probe  
  48  7:08  Gateway  
  49  7:19  Probe  
  49  7:21  Gateway  
  50  7:23  Pylon  
  50  7:41  Zealot x2  
  53  7:46  Void Ray  
  57  8:02  Probe  
  58  8:14  Zealot, Probe  
  61  8:27  Nexus  
  61  8:29  Pylon  
  61  8:31  Pylon  
  61  8:33  Pylon  
Tags
 
Add a new tag
Caveats
  • Supply blocks, unpowered buildings, or Contaminate may cause inaccurate times.
  • Supply counts are checked every 10 seconds.